 Dungeon Crawl Stone Soup version 0.30-a0-711-gf4ac18a38d (webtiles) character file.

Game seed: 6654277832130548803

34513 lesbiats the Carver (level 13, 0/114 HPs)
             Began as a Grey Draconian Conjurer on Jan 23, 2023.
             Was a Priest of the Shining One.
             Killed from afar by a lindwurm (17 damage)
             ... with a blast of flame
             ... on level 4 of the Lair of Beasts.
             The game lasted 01:10:44 (20143 turns).

lesbiats the Carver (Grey Draconian Conjurer)      Turns: 20143, Time: 01:10:44

Health: 0/114      AC: 20    Str: 10    XL:     13   Next: 42%
Magic:  25/27      EV: 17    Int: 28    God:    the Shining One [***...]
Gold:   837        SH:  4    Dex: 17    Spells: 13/32 levels left

rFire   . . .      SeeInvis .    Y - +4 whip (venom)
rCold   . . .      Faith    .    F - +0 buckler
rNeg    + . .      Spirit   .    (body armour unavailable)
rPois   +          Reflect  .    l - +2 hat {Will+}
rElec   .          Harm     .    N - +1 cloak {rPois}
rCorr   .          Rampage  .    (no gloves)
Will    +....                    z - +2 pair of boots
Stlth   +                        O - amulet of magic regeneration
HPRegen 0.39/turn                f - +6 ring of intelligence
MPRegen 0.60/turn                R - +6 ring of dexterity

@: glowing, studying Long Blades
A: AC +13, amphibious, unfitting armour, cold-blooded
a: Renounce Religion, Divine Shield, Cleansing Flame


You were on level 4 of the Lair of Beasts.
You worshipped the Shining One.
The Shining One was most pleased with you.
You visited 3 branches of the dungeon, and saw 17 of its levels.

You collected 1047 gold pieces.
You spent 210 gold pieces at shops.

Inventory:

Hand Weapons
 Y - a +4 whip of venom (weapon)
Missiles
 i - 12 javelins
 s - 50 poisoned darts (quivered)
 w - 5 boomerangs
 S - 3 curare-tipped darts
 U - 2 atropa-tipped darts
Armour
 e - an orb of guile
 l - a +2 hat of willpower (worn)
 z - a +2 pair of boots (worn)
 F - a +0 buckler (worn)
 N - a +1 cloak of poison resistance (worn)
Jewellery
 f - a +6 ring of intelligence (left hand)
 O - an amulet of magic regeneration (around neck)
 R - a +6 ring of dexterity (right hand)
Wands
 d - a wand of acid (7)
 j - a wand of mindburst (6)
 B - a wand of iceblast (8)
 G - a wand of digging (12)
 J - a wand of charming (16)
 W - a wand of flame (25)
Scrolls
 b - 4 scrolls of magic mapping
 c - 6 scrolls of teleportation
 g - 6 scrolls of noise
 k - 5 scrolls of enchant armour
 p - 4 scrolls of vulnerability
 q - 2 scrolls of acquirement {unknown}
 t - 2 scrolls of fear {unknown}
 y - 3 scrolls of poison
 A - 2 scrolls of butterflies {unknown}
 C - a scroll of fog {unknown}
 D - 4 scrolls of immolation
 K - a scroll of torment {unknown}
 L - a scroll of silence {unknown}
 Q - a scroll of blinking {unknown}
 T - a scroll of enchant weapon {unknown}
Potions
 a - 2 potions of magic
 n - 5 potions of curing
 o - 2 potions of brilliance
 r - 2 potions of berserk rage
 u - 2 potions of mutation
 v - 2 potions of cancellation {unknown}
 x - a potion of invisibility {unknown}
 E - a potion of flight {unknown}
 H - 2 potions of degeneration {unknown}
 I - a potion of heal wounds
 M - a potion of resistance {unknown}
 P - 2 potions of might
 V - a potion of haste
 X - a potion of attraction {unknown}
 Z - 3 potions of lignification
Miscellaneous
 h - a lightning rod (4/4)


   Skills:
 + Level 10.7 Fighting
 + Level 11.2 Long Blades
 + Level 9.3 Dodging
 - Level 1.7 Stealth
 * Level 10.2 Spellcasting
 + Level 10.7 Conjurations
 + Level 11.0 Earth Magic


You had 13 spell levels left.
You knew the following spells:

 Your Spells              Type           Power      Damage    Failure   Level
a - Stone Arrow           Conj/Erth      100%       3d13      1%          3
b - Searing Ray           Conj           100%       2d8       1%          2
c - Fulminant Prism       Conj/Hex       22%        3d12      6%          4
d - Magic Dart            Conj           100%       1d8       1%          1
e - Passwall              Tmut/Erth      37%        N/A       1%          2
f - Dazzling Flash        Conj/Hex       88%        N/A       1%          3
g - Iskenderun's Mystic   Conj/Tloc      44%        2d10      6%          4

Your spell library contained the following spells:

 Spells                   Type           Power      Damage    Failure   Level
 Sandblast                Erth           100%       2d20      1%          1
 Mephitic Cloud           Conj/Pois/Air  34%        N/A       3%          3
 Apportation              Tloc           28%        N/A       5%          1
 Beastly Appendage        Tmut           28%        N/A       5%          1
 Slow                     Hex            56%        N/A       5%          1
 Petrify                  Tmut/Erth      45%        N/A       5%          4
 Call Imp                 Summ           14%        N/A       9%          2
 Ensorcelled Hibernation  Hex/Ice        28%        N/A       9%          2
 Sublimation of Blood     Necr           14%        N/A       9%          2
 Wereblood                Tmut           14%        N/A       9%          2
 Confusing Touch          Hex            14%        N/A       16%         3
 Portal Projectile        Hex/Tloc       28%        N/A       16%         3
 Spider Form              Tmut/Pois      14%        N/A       16%         3
 Swiftness                Air            14%        N/A       16%         3
 Tukima's Dance           Hex            14%        N/A       16%         3
 Vampiric Draining        Necr           14%        2d7       16%         3
 Irradiate                Conj/Tmut      22%        3d19      17%         5
 Passage of Golubria      Tloc           14%        N/A       47%         4
 Conjure Ball Lightning   Conj/Air       22%        3x3d6     67%         6
 Alistair's Intoxication  Tmut/Pois      9%         N/A       83%         5
 Blade Hands              Tmut           7%         N/A       83%         5
 Yara's Violent Unravell  Hex/Tmut       7%         3d5       83%         5
 Discord                  Hex            7%         N/A       100%        8
 Disjunction              Tloc           7%         N/A       100%        8


Dungeon Overview and Level Annotations

Branches:
Dungeon (11/15)            Temple (1/1) D:7            Lair (5/5) D:11
 Shoals (0/4) Lair:2       Spider (0/4) Lair:2          Orc (0/2) D:9
  Slime: Lair:4-5

Altars:
Ashenzari
Cheibriados
Dithmenos
Elyvilon
Fedhas
Gozag
Hepliaklqana
Kikubaaqudgha
Makhleb
Nemelex Xobeh
Okawaru
Qazlal
Ru
Sif Muna
Trog
Uskayaw
Vehumet
Wu Jian
Xom
Yredelemnul
Zin
The Shining One

Shops:
D:8 [

Annotations:
D:9 3 runed translucent doors, GimliDwarf's ghost, journeyman TeCj
D:10 1 runed translucent door


Innate Abilities, Weirdness & Mutations

Your dull iron-grey scales are very hard. (AC +13)
You are amphibious.
You cannot fit into any form of body armour.
You are cold-blooded and may be slowed by cold attacks.


Message History

The lindwurm stops moving altogether!
You are engulfed in calcifying dust.
The catoblepas gores you!
The lindwurm is engulfed in calcifying dust.
You are engulfed in calcifying dust.
The catoblepas gores you!!
* * * LOW HITPOINT WARNING * * *
The lindwurm is engulfed in calcifying dust.
You are engulfed in calcifying dust.
The catoblepas gores you!
* * * LOW HITPOINT WARNING * * *
The lindwurm is engulfed in calcifying dust.
You are engulfed in calcifying dust.
The catoblepas breathes a plume of calcifying dust at you.
The blast of calcifying dust hits you but does no damage.
The catoblepas breathes a plume of calcifying dust at you.
The blast of calcifying dust hits you but does no damage.
You are engulfed in calcifying dust.
The catoblepas gores you.
* * * LOW HITPOINT WARNING * * *
You turn to flesh and can move again.
The catoblepas attacks as you move away!
The catoblepas gores you but does no damage.
The catoblepas breathes a plume of calcifying dust at you.
The blast of calcifying dust hits you.
* * * LOW HITPOINT WARNING * * *
The catoblepas breathes a plume of calcifying dust at you.
The blast of calcifying dust hits you but does no damage.
Casting: Stone Arrow (safe; 1% risk of failure)
Confirm with . or Enter, or press ? or * to list all spells.
Aiming: Stone Arrow (safe; 1% risk of failure)
Press: ? - help, Shift-Dir - straight line, f/p - catoblepas
Aim: a catoblepas (calcifying dust, almost dead, poisoned, haloed, 100% to hit)
The stone arrow hits the catoblepas!
You kill the catoblepas!
Your Earth Magic skill increases to level 11!
Casting: Stone Arrow (safe; 1% risk of failure)
Confirm with . or Enter, or press ? or * to list all spells.
You can't see any susceptible monsters within range! (Use Z to cast anyway.) Unknown command.
The lindwurm is no longer petrified.
The lindwurm breathes flames at you. The blast of flame hits you!
You die...

..#..§......P#####.P#
............## #### ###
##.#..........# ....
..............# ### ##
.#..######.........#..###P###.
..............................
..............................
........k..#......#...........
...........§.@§§..##..........
.#P..#####§§....###....##.###.
##. ##P§§.## ######### ## #
##.### ###


You could see a lindwurm (poisoned, catching breath).

Vanquished Creatures
  A hydra (Lair:4)
  A catoblepas (Lair:4)
  3 two-headed ogres
  9 death yaks
  Nergalle (D:10)
  Amaemon (Lair:1)
  3 skeletal warriors (D:10)
  A deep troll (D:10)
  An orb spider (Lair:2)
  A deep elf zephyrmancer (D:11)
  2 deep elf pyromancers
  2 ugly things (D:11)
  6 elephants
  A black mamba (Lair:3)
  7 cane toads
  An unseen horror (D:10)
  An orange demon (Lair:1)
  A komodo dragon (Lair:3)
  4 unseen horror zombies (D:9)
  3 kobold demonologists
  A rime drake (Lair:3)
  4 trolls
  12 blink frogs
  20 yaks
  2 wyverns
  2 basilisks
  2 vampire mosquitoes (D:11)
  An acid dragon (D:10)
  6 water moccasins
  A swamp drake (D:11)
  2 sky beasts
  2 orc warriors (D:9)
  2 black bears
  6 ogres
  2 centaurs
  10 wolves (Lair:3)
  A phantom (D:4)
  7 kobold brigands
  2 wyvern zombies (D:9)
  5 gnoll sergeants
  A necrophage (D:5)
  5 bullfrogs
  3 scorpions
  9 wights
  6 killer bees (D:9)
  4 howler monkeys
  7 centaur zombies (D:9)
  A crimson imp (D:11)
  5 hounds
  A jelly (D:7)
  An orc priest (D:7)
  An iron imp (D:11)
  4 gnoll boudas
  8 hell rats
  5 iguanas
  5 orc wizards
  A howler monkey zombie (D:9)
  34 gnolls
  2 river rats (D:11)
  4 adders
  A shadow imp (D:11)
  4 white imps
  3 ufetubi (D:6)
  4 worms (D:3)
  A dart slug (D:3)
  24 orcs
  5 ball pythons
  2 bats (D:1)
  8 endoplasms
  3 giant cockroaches
  9 goblins
  7 hobgoblins
  3 jackals (D:1)
  2 quokkas
  3 frilled lizards
  23 kobolds
  12 rats
  A spectral hobgoblin (D:6)
362 creatures vanquished.

Vanquished Creatures (others)
  13 fulminant prisms
  6 fungi
  9 plants
  4 withered plants (D:9)
32 creatures vanquished.

Grand Total: 394 creatures vanquished

Notes
Turn   | Place    | Note
-------+----------+-------------------------------------------
     0 | D:1      | lesbiats the Draconian Conjurer began the quest for the
                  | Orb.
     0 | D:1      | Reached XP level 1. HP: 14/14 MP: 3/3
   259 | D:1      | Reached XP level 2. HP: 22/22 MP: 1/5
   321 | D:1      | Learned a level 2 spell: Searing Ray
   671 | D:1      | Reached skill level 1 in Fighting
   953 | D:1      | Learned a level 2 spell: Passwall
  1019 | D:1      | Reached XP level 3. HP: 28/28 MP: 2/6
  2484 | D:3      | Reached XP level 4. HP: 35/35 MP: 3/8
  2765 | D:3      | Found a sacrificial altar of Ru.
  2831 | D:3      | Learned a level 3 spell: Stone Arrow
  3060 | D:3      | Found a snail-covered altar of Cheibriados.
  3579 | D:4      | Reached XP level 5. HP: 36/41 MP: 3/10
  3901 | D:4      | Noticed a black bear
  4007 | D:4      | Found a burning altar of Makhleb.
  4176 | D:4      | Found a sparkling altar of Nemelex Xobeh.
  4224 | D:4      | Killed a black bear
  4225 | D:4      | Reached XP level 6. HP: 39/50 MP: 5/12
  4393 | D:4      | Reached skill level 5 in Conjurations
  4545 | D:5      | Entered Level 5 of the Dungeon
  4652 | D:5      | Your scales start taking on a dull iron-grey colour.
  4652 | D:5      | Reached XP level 7. HP: 36/57 MP: 4/14
  4865 | D:5      | Learned a level 3 spell: Dazzling Flash
  4890 | D:5      | Reached skill level 1 in Earth Magic
  5106 | D:5      | Reached skill level 5 in Spellcasting
  5658 | D:6      | Reached XP level 8. HP: 61/66 MP: 10/15
  6491 | D:6      | Found a hazy altar of Hepliaklqana.
  6577 | D:7      | Found a hide-covered altar of Uskayaw.
  6678 | D:7      | Found a broken altar of Ashenzari.
  6806 | D:7      | Found a staircase to the Ecumenical Temple.
  6824 | Temple   | Entered the Ecumenical Temple
  7126 | D:7      | Reached skill level 5 in Fighting
  7551 | D:7      | Reached skill level 5 in Dodging
  7892 | D:8      | Noticed a two-headed ogre
  8099 | D:8      | Killed a two-headed ogre
  8100 | D:8      | Reached skill level 5 in Earth Magic
  8100 | D:8      | Reached XP level 9. HP: 75/75 MP: 6/18
  8557 | D:8      | Learned a level 4 spell: Fulminant Prism
  8562 | D:8      | Learned a level 4 spell: Iskenderun's Mystic Blast
  8705 | D:8      | Found a glowing silver altar of Zin.
  8812 | D:8      | Reached skill level 1 in Long Blades
  8972 | D:8      | Found Ludghidgh's Antique Armour Shoppe.
  8980 | D:8      | Bought a glowing cloak for 210 gold pieces
  9465 | D:9      | Noticed a troll
  9562 | D:9      | Killed a troll
  9563 | D:9      | Reached XP level 10. HP: 56/84 MP: 4/20
  9690 | D:9      | Found a runed translucent gate.
  9690 | D:9      | Found a runed translucent gate.
  9690 | D:9      | Found a runed translucent gate.
  9694 | D:9      | Noticed GimliDwarf's ghost (journeyman TeCj)
 11079 | D:9      | Found a staircase to the Orcish Mines.
 11084 | D:9      | Reached skill level 5 in Long Blades
 11846 | D:10     | Entered Level 10 of the Dungeon
 11846 | D:10     | Noticed Nergalle
 11846 | D:10     | Found a runed translucent door.
 12341 | D:10     | Found a glowing golden altar of the Shining One.
 12348 | D:10     | Became a worshipper of the Shining One
 12398 | D:10     | Noticed a two-headed ogre
 12401 | D:10     | Killed a two-headed ogre
 12402 | D:10     | Reached XP level 11. HP: 74/94 MP: 7/22
 12538 | D:10     | Noticed a cyan ugly thing
 12596 | D:10     | Noticed a two-headed ogre
 12601 | D:10     | Killed a two-headed ogre
 12652 | D:10     | Noticed a deep troll
 12657 | D:10     | Killed a deep troll
 12797 | D:10     | Noticed a deep elf pyromancer
 12799 | D:10     | Killed a deep elf pyromancer
 12959 | D:10     | Killed Nergalle
 13436 | D:10     | Found a blossoming altar of Fedhas.
 13533 | D:11     | Noticed a red ugly thing
 13538 | D:11     | Killed a red ugly thing
 13604 | D:11     | Noticed a death yak
 13612 | D:11     | Reached * piety under the Shining One
 13621 | D:11     | Killed a death yak
 13625 | D:11     | Noticed a death yak
 13831 | D:11     | Found a staircase to the Lair.
 13849 | D:11     | Noticed a death yak
 13917 | D:11     | Noticed a skeletal warrior
 13961 | D:11     | Noticed a skeletal warrior
 13962 | D:11     | Noticed a skeletal warrior
 13989 | D:11     | HP: 4/95 [skeletal warrior/+0 battleaxe (15)]
 14267 | D:10     | Killed a skeletal warrior
 14417 | D:10     | Killed a skeletal warrior
 14539 | D:10     | Killed a skeletal warrior
 14871 | D:11     | Noticed a deep elf zephyrmancer
 14873 | D:11     | Killed a deep elf zephyrmancer
 14874 | D:11     | Reached XP level 12. HP: 104/104 MP: 18/24
 15216 | D:11     | Killed a death yak
 15220 | D:11     | Killed a death yak
 15441 | Lair:1   | Entered Level 1 of the Lair of Beasts
 15506 | Lair:1   | Reached ** piety under the Shining One
 15589 | Lair:1   | Noticed Amaemon
 15596 | Lair:1   | Killed Amaemon
 15969 | Lair:1   | Reached skill level 10 in Earth Magic
 16121 | Lair:1   | Reached skill level 10 in Conjurations
 16609 | Lair:2   | Found a staircase to the Shoals.
 16775 | Lair:2   | Reached skill level 10 in Fighting
 17070 | Lair:2   | Reached skill level 10 in Long Blades
 17173 | Lair:2   | Found a hole to the Spider Nest.
 17609 | Lair:3   | Noticed a death yak
 17610 | Lair:3   | Noticed a death yak
 17611 | Lair:3   | Noticed a death yak
 17611 | Lair:3   | Noticed a death yak
 17611 | Lair:3   | Noticed a death yak
 17611 | Lair:3   | Noticed a death yak
 17635 | Lair:2   | Killed a death yak
 17891 | Lair:2   | Killed a death yak
 18118 | Lair:2   | Killed a death yak
 18119 | Lair:2   | Reached XP level 13. HP: 104/114 MP: 11/26
 18637 | Lair:3   | Reached *** piety under the Shining One
 19279 | Lair:4   | Reached skill level 10 in Spellcasting
 19287 | Lair:5   | Entered Level 5 of the Lair of Beasts
 20143 | Lair:4   | Killed from afar by a lindwurm

Illustrated notes

Levels and vault maps discovered:
D:1:      erik_arrival_blinker_ship, layout_loops_cross, nicolae_hexahallways
D:2:      layout_basic
D:3:      layout_rooms, nicolae_ru_the_path_less_chosen, cheibrodos_worm_habitat
D:4:      layout_loops_ring, makhleb_blood_cavern_becter, kennysheep_mini_moat,
          kennysheep_path_1
D:5:      layout_basic
D:6:      layout_basic, nicolae_hepliaklqana_monster_ancestors, serial_glass,
          glass_columns_b, glass_columns_a, glass_columns_c, glass_columns_a,
          glass_columns_c, glass_columns_b, glass_columns_c, glass_columns_b,
          glass_columns_a, glass_columns_a, minmay_strange_pillars,
          feat_on_display, minmay_strange_pillars, minmay_strange_pillars
D:7:      layout_basic, lemuel_doored_altar, nicolae_ashenzari_panopticon,
          minmay_temple_entry_overgrown, minmay_manual_mullet
D:8:      layout_cave_pools, mainiacjoe_overflow_brackets, serial_shops,
          nicolae_shop_trees, minmay_fractal_squares_gapless_5
D:9:      layout_layer_cave, kennysheep_orc_monster_closet_entryway,
          serial_undead, serial_undead_f, serial_undead_f, serial_undead_b,
          serial_undead_c, serial_undead_e, serial_undead_d, serial_undead_f,
          gammafunk_ghost_spectres
D:10:     layout_rooms, kennysheep_mini, tso_altar, minmay_st_funbox,
          nrook_uturn, grunt_ministairs_8, minmay_three_doors, uniq_nergalle
D:11:     layout_loops_ring, dpeg_lair_monsters, kennysheep_pointless_box,
          hangedman_minor_magic
Temple:   hellmonk_temple_flake
Lair:1:   layout_cave_pods, grunt_forest_stairs_basic, uniq_amaemon
Lair:2:   layout_regular_city, elwin_shoals_entry_rocks,
          nicolae_spider_entry_orb_guardian
Lair:3:   layout_misc_corridors, chequers_serial_rivers_micro_a,
          patterned_corridor
Lair:4:   minmay_guarded_unrand_snakebite, layout_gridlike,
          serial_bayou_shore_b, lemuel_fruit_tree
Lair:5:   guppyfry_lair_end_dragon, layout_concentric_octagons,
          hangedman_lair_caniforms_friends, nicolae_slime_entry_field_trip,
          minivault_11, uniq_urug

Skill      XL: |  1  2  3  4  5  6  7  8  9 10 11 12 13 |
---------------+----------------------------------------+-----
Dodging        | 2 3 4 5 6 7 8 9 |  9.3
Fighting       | 1 2 3 4 5 6 8 9 10 | 10.7
Spellcasting   | 3 4 5 6 7 8 9 10 | 10.2
Conjurations   | 5 6 7 8 9 10 | 10.7
Earth Magic    | 2 5 6 7 9 10 11 | 11.0
Long Blades    | 3 6 8 10 11 | 11.2
Stealth        | |  1.7

Action                     |  1- 3 |  4- 6 |  7- 9 | 10-12 | 13-15 || total
---------------------------+-------+-------+-------+-------+-------++-------
  Melee: Dagger            |    10 |    12 |    10 |    38 |       ||    70
         Tailslap          |     1 |     3 |     7 |    15 |    15 ||    41
         Punch             |       |     1 |       |     2 |       ||     3
         Staff             |       |       |    15 |       |       ||    15
         Scimitar          |       |       |    25 |    16 |       ||    41
         Spear             |       |       |     1 |       |       ||     1
         Whip              |       |       |       |    13 |    48 ||    61
  Throw: Dart              |       |       |     6 |     8 |     1 ||    15
   Cast: Magic Dart        |    69 |    77 |    18 |    21 |       ||   185
         Searing Ray       |     2 |     8 |    12 |    19 |     1 ||    42
         Stone Arrow       |       |     5 |    89 |   271 |    74 ||   439
         Fulminant Prism   |       |       |     1 |    10 |     2 ||    13
         Iskenderun's Myst |       |       |     1 |       |       ||     1
         Passwall          |       |       |       |    10 |       ||    10
         Dazzling Flash    |       |       |       |     1 |       ||     1
    Use: Scroll            |       |       |     5 |    11 |     2 ||    18
         Potion            |       |       |       |     8 |       ||     8
 Armour: Skin              |     1 |     7 |    70 |   178 |    81 ||   337
  Dodge: Dodged            |     9 |    20 |   113 |   275 |   155 ||   572
  Block: Buckler           |       |       |       |    10 |    38 ||    48

Table legend: (Time is in decaauts)
 A = Elapsed time spent in this place.
 B = Non-inter-level travel time spent in this place.
 C = Inter-level travel time spent in this place.
 D = Time resting spent in this place.
 E = Time spent auto-exploring this place.
 F = Levels seen in this place.
 G = Mean time per level.
                   A        B        C        D        E       F      G
               +--------+--------+--------+--------+--------+-----+--------+
         Total |  20188 |  19100 |   1088 |   5822 |   9931 |  17 | 1187.5 |
       Dungeon |  15327 |  14825 |    502 |   4607 |   7711 |  11 | 1393.4 |
        Temple |    174 |    174 |      0 |      0 |    152 |   1 |  174.0 |
          Lair |   4686 |   4101 |    585 |   1215 |   2068 |   5 |  937.2 |
               +--------+--------+--------+--------+--------+-----+--------+

Top non-repeatable levels by time:
     D:9: 2805 daAuts
    D:10: 2179 daAuts
     D:8: 1387 daAuts
  Lair:1: 1370 daAuts
  Lair:3: 1322 daAuts
     D:7: 1296 daAuts
  Lair:2: 1286 daAuts
     D:4: 1265 daAuts
     D:2: 1225 daAuts
     D:1: 1141 daAuts
     D:6: 1108 daAuts
    D:11: 1092 daAuts
     D:3: 923 daAuts
     D:5: 900 daAuts
  Lair:4: 704 daAuts
